 Dungeon Crawl Stone Soup version 0.24.0-123-gd5b16e6ec5 (webtiles) character file.

Game seed: 6803098332678291685, levelgen mode: deterministic

83 Krotfred the Caller (level 4, 0/24 HPs)
             Began as a Deep Elf Summoner on Jan 15, 2020.
             Was an Initiate of the Shining One.
             Slain by a gnoll
             ... wielding a +0 whip
              (10 damage)
             ... on level 3 of the Dungeon.
             The game lasted 00:36:06 (2414 turns).

Krotfred the Caller (Deep Elf Summoner)             Turns: 2414, Time: 00:36:07

Health: 0/24       AC:  4    Str:  6    XL:     4   Next: 22%
Magic:  7/12       EV: 13    Int: 20    God:    the Shining One [......]
Gold:   108        SH:  0    Dex: 15    Spells: 0/11 levels left

rFire    . . .     SeeInvis .   l - +1 spear
rCold    . . .     Gourm    .   (no shield)
rNeg     . . .     Faith    .   a - +0 robe
rPois    .         Spirit   .   (no helmet)
rElec    .         Reflect  .   (no cloak)
rCorr    .         Harm     .   k - +0 pair of gloves
MR       .....                  b - +0 pair of boots
Stlth    +.........             (no amulet)
HPRegen  0.08/turn              (no ring)
MPRegen  0.13/turn              (no ring)

@: glowing
A: no striking features
a: Renounce Religion


You were on level 3 of the Dungeon.
You worshipped the Shining One.
The Shining One was noncommittal.
You were not hungry.

You visited 1 branch of the dungeon, and saw 3 of its levels.

You collected 108 gold pieces.

Inventory:

Hand Weapons
 f - a +0 hunting sling
 l - a +1 spear (weapon)
Missiles
 j - 99 stones (quivered)
 p - 9 sling bullets
Armour
 a - a +0 robe (worn)
 b - a +0 pair of boots (worn)
 k - a +0 pair of gloves (worn)
Jewellery
 m - an uncursed ring of wizardry {unknown}
 n - an uncursed ring of positive energy {unknown}
Scrolls
 e - 2 scrolls of blinking
 g - a scroll of enchant armour {unknown}
 h - 2 scrolls of identify {unknown}
 i - a scroll of enchant weapon
Potions
 d - a potion of invisibility {unknown}
 q - a potion of curing {unknown}
Comestibles
 c - 3 rations
 o - 3 chunks of flesh


   Skills:
 * Level 0.6 Fighting
 * Level 1.2 Throwing
 + Level 2.4 Dodging
 - Level 2.4 Stealth
 * Level 4.3 Spellcasting
 * Level 5.2 Summonings


You couldn't memorise any spells.
You knew the following spells:

 Your Spells              Type           Power        Failure   Level  Hunger
a - Summon Small Mammal   Summ           ####         1%          1    None
b - Call Imp              Summ           ####....     2%          2    #......
c - Summon Lightning Spi  Summ/Air       ##......     38%         4    ####...
d - Summon Ice Beast      Ice/Summ       ##......     38%         4    ####...

Your spell library contained the following spells:

 Spells                   Type           Power        Failure   Level  Hunger
 Call Canine Familiar     Summ           ####....     4%          3    ###....
 Summon Guardian Golem    Hex/Summ       ##......     13%         3    ###....


Dungeon Overview and Level Annotations

Branches:
Dungeon (3/15)

Altars:
The Shining One


Message History

The gnoll is lightly wounded.
The gnoll hits you from afar with a +0 spear!
The gnoll hits you with a +0 whip.
Your rat closely misses the gnoll.
You hit the gnoll.
The gnoll is lightly wounded.
The gnoll hits you from afar with a +0 spear.
The gnoll closely misses you.
Your rat barely misses the gnoll.
You hit the gnoll but do no damage.
The gnoll is lightly wounded.
The gnoll hits you from afar with a +0 spear.
The gnoll closely misses you.
Your rat bites the gnoll.
You hit the gnoll but do no damage.
The gnoll is moderately wounded.
The gnoll barely misses you. The gnoll hits you but does no damage.
Your rat barely misses the gnoll.
The gnoll barely misses you.
You barely miss the gnoll.
The gnoll is moderately wounded.
The gnoll barely misses you.
Your rat barely misses the gnoll.
The gnoll misses you. The gnoll hits you with a +0 whip!
You die... ######### #...8@gr# #.#####g# .# .# .# .) ##

You could see 2 gnolls, a friendly lightning spire and a friendly rat.

Vanquished Creatures (collateral kills)
  Natasha (thrice) (D:2)
  3 adders (D:2)
  3 worms (D:2)
  A dart slug (D:2)
  3 leopard geckos
  2 bats (D:1)
  A giant cockroach (D:1)
  2 goblins (D:1)
  4 hobgoblins (D:1)
  2 jackals (D:2)
  4 kobolds (D:2)
  2 ball pythons
  2 frilled lizards (D:2)
  7 rats
39 creatures vanquished.

Notes
Turn   | Place    | Note
-------+----------+-------------------------------------------
     0 | D:1      | Krotfred the Deep Elf Summoner began the quest for the Orb.
     0 | D:1      | Reached XP level 1. HP: 10/10 MP: 6/6
   387 | D:1      | Reached XP level 2. HP: 15/15 MP: 5/8
   846 | D:1      | Learned a level 2 spell: Call Imp
  1232 | D:2      | Reached skill level 1 in Throwing
  1254 | D:2      | Reached XP level 3. HP: 15/19 MP: 2/10
  1263 | D:2      | Noticed Natasha
  1355 | D:2      | Killed Natasha
  1355 | D:2      | Reached skill level 5 in Summonings
  1605 | D:2      | Noticed Natasha
  1623 | D:2      | Killed Natasha
  1865 | D:2      | Noticed Natasha
  1872 | D:2      | Killed Natasha
  1872 | D:2      | Reached XP level 4. HP: 24/24 MP: 2/12
  2246 | D:2      | Learned a level 4 spell: Summon Lightning Spire
  2251 | D:2      | Learned a level 4 spell: Summon Ice Beast
  2329 | D:2      | Found a glowing golden altar of the Shining One.
  2336 | D:2      | Became a worshipper of the Shining One
  2414 | D:3      | Slain by a gnoll

Levels and vault maps discovered:
D:1:      dpeg_arrival_renting, layout_basic, chequers_serial_rivers_marsh
D:2:      layout_rooms, marbit_many_paths, minmay_misc_feat_alley, uniq_natasha
D:3:      layout_loops_cross, lemuel_doored_altar

Skill      XL: |  1  2  3 |
---------------+----------+-----
Throwing       | 1 |  1.2
Summonings     | 5 |  5.2
Spellcasting   | 4 |  4.3
Fighting       | |  0.6
Dodging        | |  2.4
Stealth        | |  2.4

Action                   |  1- 3 |  4- 6 || total
-------------------------+-------+-------++-------
Melee: Unarmed           |     3 |       ||     3
       Spear             |       |     9 ||     9
 Cast: Summon Small Mamm |    40 |     4 ||    44
       Call Imp          |    18 |     7 ||    25
       Summon Lightning  |       |     1 ||     1
  Use: Scroll            |     2 |       ||     2
 Stab: Sleeping          |       |     1 ||     1
  Eat: Chunk             |     3 |     2 ||     5
Armor: Robe              |     7 |     6 ||    13
Dodge: Dodged            |    19 |    16 ||    35
